cohdb
Replays
Latest Replays
All Replays
Popular Replays
Top Player Replays
Match Explorer
How It Works
Community
CoH3 Stats
Reddit
Sign in to upload your games and track your stats! →
Sign in with Steam
Match 47385672
Unlisted
Match 47385672
Overview
Messages
Build Orders
End
Selects Italian Combined Arms Battlegroup
Selects Bersaglieri Squad
Bersaglieri Squad
250 Light Carrier
Bersaglieri Squad
Panzerpioneer Squad
Construct Light Support Kompanie
Selects Bersaglieri Bolster
Bersaglieri Squad
Combat Half-tracks
Panzerjäger Mechanized Group
2.5-tonne Medical Truck
Bersaglieri Squad
Selects Breda Model 30 Light Machine Guns
Construct Mechanized Kompanie
MG34 Team
254 Reconnaissance Tractor
Marder III Tank Destroyer
Marder III Tank Destroyer
Marder III Tank Destroyer
Selects Semovente da 75/18 Assault Gun
Selects Strafing Run
Strafing Run
Construct Panzerarmee Kommand
Strafing Run
Selects Artillery Cover
Armored Reserves
Tiger Heavy Tank
Jason_Beebe
Synthoras
MrGlaucus
Sturmi
Phan
kamacura
Commander Z
Peaky Blinders
0
0
Comments
sign in to comment!
No comments posted yet!